Map: Submarine LE

Players

Heeebster - Winner!

  • Race: Protoss Protoss
  • League: Diamond
  • Spawn Location: 5:00

YodeN

  • Race: Zerg Zerg
  • League: Master
  • Spawn Location: 11:00

VOD

Have the link to the VOD?

Description

Time

  • Played on: Nov. 14, 2020, 2:14 p.m.
  • Length: 12:44
Show
View Real Time Build Order
Export as new Build Order

Heeebster Protoss - Winner!

Build Orders: 1 Gate Expand, Oracle Opening, Carriers 

Get SALT Encoding   

  12  0:00  Probe  
  13  0:12  Probe  
  14  0:19  Pylon  
  14  0:24  Probe (Chrono Boost)  
  15  0:36  Probe (Chrono Boost)  
  16  0:44  Gateway  
  16  0:45  Probe  
  17  0:50  Assimilator  
  17  0:57  Probe  
  18  1:09  Probe  
  19  1:24  Nexus  
  19  1:34  Cybernetics Core  
  19  1:38  Probe (Chrono Boost)  
  20  1:48  Assimilator  
  20  1:50  Probe (Chrono Boost)  
  21  1:58  Probe (Chrono Boost)  
  21  1:59  Pylon  
  22  2:04  Probe  
  23  2:13  Warp Gate  
  23  2:14  Stalker (Chrono Boost)  
  23  2:19  Probe  
  26  2:32  Stargate  
  26  2:34  Probe  
  28  2:37  Probe (Chrono Boost)  
  28  2:49  Probe (Chrono Boost)  
  30  2:52  Probe (Chrono Boost)  
  30  2:54  Pylon  
  30  2:56  Probe (Chrono Boost)  
  31  3:03  Probe  
  32  3:06  Probe  
  32  3:12  Oracle (Chrono Boost)  
  33  3:15  Probe  
  37  3:25  Stargate  
  37  3:27  Assimilator  
  37  3:29  Probe x2  
  37  3:33  Assimilator  
  39  3:41  Probe x2  
  39  3:43  Pylon  
  39  3:48  Void Ray (Chrono Boost)  
  41  3:53  Probe  
  41  3:54  Probe  
  43  4:02  Zealot  
  49  4:05  Probe  
  49  4:06  Probe  
  51  4:13  Void Ray  
  51  4:19  Probe  
  51  4:22  Probe  
  57  4:34  Probe x2  
  57  4:37  Pylon  
  59  4:40  Nexus  
  59  4:43  Protoss Air Weapons Level 1 (Chrono Boost)  
  59  4:47  Pylon  
  59  4:49  Void Ray (Chrono Boost)  
  59  4:53  Probe  
  59  4:54  Probe  
  59  4:59  Pylon  
  65  5:12  Shield Battery, Probe x2  
  65  5:13  Void Ray (Chrono Boost)  
  67  5:14  Shield Battery  
  71  5:23  Pylon  
  71  5:28  Forge  
  71  5:30  Probe x2  
  73  5:37  Fleet Beacon  
  73  5:41  Pylon  
  73  5:42  Probe  
  74  5:45  Shield Battery  
  74  5:51  Probe (Chrono Boost)  
  74  5:56  Probe (Chrono Boost)  
  77  5:59  Probe (Chrono Boost)  
  77  6:03  Probe (Chrono Boost)  
  78  6:08  Photon Cannon  
  78  6:11  Pylon  
  78  6:14  Photon Cannon  
  78  6:15  Photon Cannon  
  78  6:18  Photon Cannon  
  78  6:21  Probe (Chrono Boost)  
  78  6:24  Photon Cannon, Probe x2 (Chrono Boost)  
  78  6:25  Flux Vanes  
  81  6:32  Void Ray  
  81  6:33  Void Ray  
  81  6:37  Probe x2 (Chrono Boost)  
  91  6:41  Probe (Chrono Boost)  
  91  6:45  Probe x2  
  94  6:50  Assimilator, Protoss Air Weapons Level 2  
  94  6:54  Assimilator  
  94  6:56  Pylon  
  94  6:58  Photon Cannon  
  94  7:00  Photon Cannon  
  94  7:11  Stargate  
  94  7:13  Stargate  
  94  7:14  Stargate  
  94  7:22  Probe x2  
  96  7:28  Probe  
  97  7:35  Protoss Shields Level 1 (Chrono Boost)  
  97  7:36  Probe x2  
  99  7:39  Nexus  
  99  7:40  Pylon  
  99  7:42  Assimilator  
  99  7:44  Assimilator  
  99  7:53  Carrier  
  99  7:54  Carrier (Chrono Boost)  
  112  8:16  Carrier (Chrono Boost), Probe  
  119  8:22  Carrier (Chrono Boost)  
  119  8:28  Robotics Facility  
  119  8:29  Photon Cannon  
  119  8:31  Photon Cannon, Pylon  
  125  8:39  Carrier (Chrono Boost), Probe x3  
  128  8:51  Probe  
  128  8:52  Carrier (Chrono Boost)  
  116  9:11  Void Ray (Chrono Boost)  
  116  9:20  Void Ray x2 (Chrono Boost)  
  128  9:27  Void Ray (Chrono Boost)  
  132  9:31  Probe (Chrono Boost)  
  132  9:34  Photon Cannon  
  132  9:35  Photon Cannon, Probe x3 (Chrono Boost)  
  132  9:38  Pylon  
  136  9:40  Photon Cannon, Probe (Chrono Boost)  
  136  9:42  Photon Cannon  
  136  9:43  Photon Cannon, Probe (Chrono Boost)  
  138  9:48  Probe  
  138  9:49  Probe x2  
  138  9:50  Protoss Air Weapons Level 3 (Chrono Boost)  
  141  9:54  Probe  
  141  9:57  Photon Cannon  
  141  9:59  Void Ray  
  146  10:14  Void Ray x2  
  145  10:21  Photon Cannon  
  145  10:22  Photon Cannon  
  145  10:23  Pylon, Nexus  
  145  10:26  Pylon  
  145  10:28  Pylon  
  153  10:40  Twilight Council  
  153  10:42  Observer  
  154  10:51  Photon Cannon  
  154  10:53  Pylon  
  154  10:55  Nexus  
  154  11:03  Void Ray (Chrono Boost)  
  146  11:07  Void Ray (Chrono Boost)  
  146  11:08  Void Ray x2 (Chrono Boost)  
  151  11:17  Void Ray (Chrono Boost)  
  141  11:37  Void Ray (Chrono Boost)  
  135  11:46  Void Ray x3 (Chrono Boost)  
  151  11:49  Photon Cannon  
  151  11:50  Photon Cannon  
  151  11:56  Observer  
  153  12:01  Probe  
  153  12:04  Probe x3  
  156  12:09  Photon Cannon  
  156  12:10  Photon Cannon  
  156  12:12  Assimilator  
  156  12:13  Probe  
  161  12:17  Assimilator  
Show
View Real Time Build Order
Export as new Build Order

YodeN Zerg 

Build Orders: Hatch First 

Get SALT Encoding   

  12  0:00  Drone  
  13  0:12  Overlord  
  13  0:17  Drone  
  14  0:30  Drone x2  
  14  0:35  Drone  
  17  0:51  Hatchery  
  17  0:54  Drone  
  17  0:56  Extractor  
  16  1:10  Spawning Pool  
  15  1:13  Drone  
  17  1:18  Drone  
  17  1:20  Drone  
  18  1:29  Drone  
  19  1:38  Drone  
  20  1:57  Metabolic Boost, Queen  
  22  2:03  Drone, Queen  
  22  2:05  Zergling x2  
  22  2:06  Zergling x2  
  27  2:11  Overlord  
  27  2:16  Drone  
  28  2:31  Hatchery  
  28  2:36  Drone  
  28  2:37  Drone  
  28  2:38  Drone  
  28  2:40  Drone  
  31  2:45  Drone  
  31  2:48  Overlord  
  32  2:56  Drone  
  33  3:02  Queen  
  35  3:07  Drone x2  
  35  3:10  Drone  
  38  3:14  Lair  
  38  3:17  Overlord  
  38  3:25  Drone  
  38  3:26  Drone  
  40  3:37  Spore Crawler  
  40  3:39  Spore Crawler  
  38  3:41  Drone  
  38  3:42  Drone x2  
  38  3:43  Drone x4  
  38  3:47  Extractor  
  38  3:48  Queen, Extractor  
  45  4:04  Extractor  
  45  4:05  Drone x2  
  45  4:11  Spore Crawler  
  45  4:13  Drone x2  
  45  4:14  Drone x4  
  50  4:20  Drone x3  
  50  4:21  Drone  
  54  4:24  Drone  
  54  4:25  Drone x2  
  54  4:30  Evolution Chamber  
  56  4:34  Evolution Chamber  
  55  4:43  Drone x3, Overlord  
  55  4:44  Overlord  
  58  5:02  Drone x2, Hydralisk Den  
  58  5:03  Drone  
  58  5:04  Zerg Ground Armor Level 1, Zerg Missile Weapons Level 1  
  60  5:09  Drone  
  60  5:12  Spire, Overseer  
  59  5:16  Drone x3  
  59  5:19  Overlord  
  62  5:32  Grooved Spines  
  62  5:38  Drone, Baneling Nest  
  62  5:41  Drone x10  
  72  6:03  Overlord  
  72  6:04  Overlord x2  
  72  6:06  Drone, Extractor  
  72  6:07  Drone  
  72  6:08  Extractor  
  72  6:09  Overlord x5  
  72  6:36  Zerg Flyer Weapons Level 1  
  72  6:37  Corruptor x3  
  72  6:38  Corruptor x6  
  90  6:41  Drone  
  90  6:43  Drone x2  
  90  6:44  Drone  
  94  7:01  Zergling x4  
  94  7:02  Zergling x20, Centrifical Hooks  
  94  7:05  Zerg Melee Weapons Level 1  
  106  7:09  Zerg Ground Armor Level 2  
  106  7:26  Baneling x6  
  106  7:27  Baneling x6  
  106  7:31  Hatchery  
  106  7:32  Drone x2  
  106  7:33  Overlord  
  106  7:34  Overlord x4  
  107  7:56  Extractor, Corruptor  
  107  7:57  Corruptor x4  
  107  7:58  Extractor  
  109  8:10  Corruptor x2  
  114  8:18  Drone  
  115  8:21  Hatchery  
  114  8:38  Corruptor x4  
  120  8:50  Spore Crawler x3  
  111  9:01  Corruptor x4  
  115  9:19  Zerg Flyer Weapons Level 2  
  115  9:27  Drone x9  
  115  9:28  Drone x5  
  115  9:29  Extractor  
  128  9:34  Infestation Pit  
  128  9:37  Zerg Melee Weapons Level 2  
  127  9:43  Corruptor x3  
  133  9:48  Queen  
  135  9:54  Drone x3  
  135  9:55  Drone  
  135  9:56  Drone  
  135  9:59  Spine Crawler  
  139  10:02  Spine Crawler  
  138  10:17  Hive  
  138  10:27  Corruptor x7  
  138  10:28  Overlord x3  
  152  10:29  Overlord x5  
  152  10:31  Burrow  
  152  10:34  Pneumatized Carapace  
  130  11:06  Corruptor x7  
  137  11:24  Corruptor x2  
  114  11:48  Corruptor x5  
  122  12:00  Zergling x2  
  122  12:01  Hatchery, Zergling x32  
  138  12:10  Corruptor  
Tags
 
Add a new tag
Caveats
  • Supply blocks, unpowered buildings, or Contaminate may cause inaccurate times.
  • Supply counts are checked every 10 seconds.